 Dungeon Crawl Stone Soup version 0.28-a0-1117-g0bdd5ba030 (webtiles) character file.

Game seed: 11415329994947748588

72 SensoryNuts the Slasher (level 4, -1/34 HPs)
             Began as a Demonspawn Gladiator on Dec 11, 2021.
             Slain by Sigmund (5 damage)
             ... on level 3 of the Dungeon.
             The game lasted 00:01:47 (1268 turns).

SensoryNuts the Slasher (Demonspawn Gladiator)      Turns: 1268, Time: 00:01:48

Health: -1/34      AC:  6    Str: 15 (16) XL:     4   Next: 6%
Magic:  4/4        EV: 12    Int:  6 (9)  God:
Gold:   38         SH:  0    Dex: 14 (15) Spells: 3/3 levels left

rFire   . . .      SeeInvis .   k - +2 dagger (venom)
rCold   . . .      Faith    .   (no shield)
rNeg    . . .      Spirit   .   b - +0 leather armour
rPois   .          Reflect  .   c - +0 helmet
rElec   .          Harm     .   (no cloak)
rCorr   .          Rampage  .   (no gloves)
Will    .....                   (no boots)
Stlth   +.........              (no amulet)
HPRegen 0.11/turn               (no ring)
MPRegen 0.09/turn               (no ring)

@: mighty
A: hooves 1, slimy green scales 1, demonic guardian 1
a: no special abilities


You were on level 3 of the Dungeon.
You visited 1 branch of the dungeon, and saw 3 of its levels.

You collected 38 gold pieces.

Inventory:

Hand Weapons
 a - a +0 long sword
 k - a +2 dagger of venom (weapon)
Missiles
 d - 3 throwing nets (quivered)
Armour
 b - a +0 leather armour (worn)
 c - a +0 helmet (worn)
Scrolls
 e - a scroll of identify
Potions
 g - a potion of degeneration


   Skills:
 + Level 2.4 Fighting
 + Level 3.6 Long Blades
 + Level 1.7 Throwing
 + Level 1.2 Armour
 + Level 3.0 Dodging
 + Level 0.2 Stealth


You had 3 spell levels left.
You didn't know any spells.
Your spell library contained the following spells:

 Spells                   Type           Power      Damage    Failure   Level
 Summon Small Mammal      Summ           0%         N/A       52%         1
 Call Canine Familiar     Summ           0%         N/A       88%         3
 Gell's Gravitas          Tloc           0%         N/A       88%         3
 Lesser Beckoning         Tloc           0%         N/A       88%         3
 Summon Guardian Golem    Hex/Summ       0%         N/A       88%         3
 Teleport Other           Tloc           0%         N/A       88%         3


Dungeon Overview and Level Annotations

Branches:
Dungeon (2/15)

Altars:

Shops:
D:1 [

Annotations:
D:3 Robin, Sigmund


Innate Abilities, Weirdness & Mutations

You have large cloven feet.
You are partially covered in slimy green scales. (AC +2)
A weak demonic guardian rushes to your aid.


Message History

* * * LOW HITPOINT WARNING * * *
You have reached level 4!
You feel agile.
Your demonic ancestry asserts itself...
Slimy green scales grow over part of your body.
You closely miss the hobgoblin. You kick the hobgoblin.
You kill the hobgoblin!
Your white imp misses the goblin.
The goblin hits you but does no damage. Robin hits you but does no damage.
The goblin hits your white imp but does no damage.
Your endoplasm barely misses the goblin.
Your kobold throws a stone.
The stone misses the goblin.
Your white imp hits the goblin.
Your white imp freezes the goblin.
The goblin dies!
The goblin closely misses you. Robin completely misses your endoplasm.
Sigmund barely misses you.
Your endoplasm barely misses the goblin.
Items here: )) †††.
The goblin hits your endoplasm with a +0 dagger.
Robin hits your endoplasm with a +0 short sword.
Your endoplasm freezes Robin.
Robin is frozen.
Your kobold hits the goblin with a +0 short sword.
The goblin dies!
Your white imp closely misses the hobgoblin.
Your endoplasm completely misses Robin.
Your kobold hits Sigmund with a +0 short sword.
Sigmund casts a spell at you. The puff of flame hits you.
* * * LOW HITPOINT WARNING * * *
You hit the hobgoblin.
The hobgoblin is poisoned.
Your kick misses the hobgoblin.
The hobgoblin is moderately wounded.
Your white imp hits Sigmund but does no damage.
The hobgoblin closely misses you.
Your endoplasm hits the hobgoblin but does no damage.
Your kobold barely misses Sigmund.
You barely miss the hobgoblin.
The hobgoblin is moderately wounded.
Sigmund hits you from afar with a +0 scythe.
You die...

##########
#........#
#........#
#........#
.##...@....#
#.....gg....+
##.(...)J@K.#
#....).5)..#
#.....######
#..... #.....
#..... #....


You could see Sigmund (ally target), Robin (ally target), a hobgoblin (strong,
very poisoned), a friendly white imp (summoned), a friendly endoplasm (summoned)
and a friendly kobold (summoned).

Vanquished Creatures
  Jessica (D:3)
  5 ball pythons
  3 bats (D:1)
  2 endoplasms (D:1)
  9 goblins
  6 hobgoblins
  3 kobolds
  2 frilled lizards (D:1)
  3 rats
34 creatures vanquished.

Vanquished Creatures (collateral kills)
  5 goblins (D:3)
5 creatures vanquished.

Grand Total: 39 creatures vanquished

Notes
Turn   | Place    | Note
-------+----------+-------------------------------------------
     0 | D:1      | SensoryNuts the Demonspawn Gladiator began the quest for
                  | the Orb.
     0 | D:1      | Reached XP level 1. HP: 16/16 MP: 1/1
   152 | D:1      | Gained mutation: A weak demonic guardian rushes to your
                  | aid. [demonic ancestry]
   152 | D:1      | Reached XP level 2. HP: 22/22 MP: 2/2
   730 | D:1      | Found Reocsuzo's Armour Boutique.
   833 | D:1      | Gained mutation: You have large cloven feet. [demonic
                  | ancestry]
   833 | D:1      | Reached XP level 3. HP: 23/27 MP: 3/3
   946 | D:2      | You fall into a shaft and drop 1 floor!
   953 | D:3      | Found a faded altar of an unknown god.
  1016 | D:3      | Noticed Jessica
  1018 | D:3      | Killed Jessica
  1250 | D:3      | Noticed Robin
  1250 | D:3      | Noticed Sigmund
  1255 | D:3      | Reached skill level 1 in Armour
  1263 | D:3      | Gained mutation: You are partially covered in slimy green
                  | scales. (AC +2) [demonic ancestry]
  1263 | D:3      | Reached XP level 4. HP: 8/34 MP: 4/4
  1268 | D:3      | Slain by Sigmund

Illustrated notes

Levels and vault maps discovered:
D:1:      amcnicky_arrival_flooded_fountain, layout_basic, serial_shops, shop
D:2:      layout_loops_ring
D:3:      layout_basic, nicolae_ecumenical_lake_church, serial_bayou_pond_e,
          chequers_mini_garden, columned_hall_lemuel, lexackson_kobold_supper,
          uniq_jessica, uniq_robin, uniq_terence, uniq_sigmund

Skill      XL: |  1  2  3 |
---------------+----------+-----
Long Blades    | 3 |  3.6
Dodging        | 3 |  3.0
Armour         | 1 |  1.2
Fighting       | |  2.4
Throwing       | |  1.7
Stealth        | |  0.2

Action                   |  1- 3 |  4- 6 || total
-------------------------+-------+-------++-------
Melee: Long sword        |    72 |       ||    72
       Dagger            |    10 |     3 ||    13
       Kick              |     5 |     1 ||     6
  Use: Scroll            |     3 |       ||     3
       Potion            |     3 |       ||     3
 Stab: Sleeping          |     1 |       ||     1
Armor: Leather armour    |    30 |     2 ||    32
Dodge: Dodged            |   100 |     3 ||   103

Table legend: (Time is in decaauts)
 A = Elapsed time spent in this place.
 B = Non-inter-level travel time spent in this place.
 C = Inter-level travel time spent in this place.
 D = Time resting spent in this place.
 E = Time spent auto-exploring this place.
 F = Levels seen in this place.
 G = Mean time per level.
                   A        B        C        D        E       F      G
               +--------+--------+--------+--------+--------+-----+--------+
         Total |   1285 |   1285 |      0 |      0 |   1003 |   3 |  428.3 |
       Dungeon |   1285 |   1285 |      0 |      0 |   1003 |   3 |  428.3 |
               +--------+--------+--------+--------+--------+-----+--------+

Top non-repeatable levels by time:
     D:1: 962 daAuts
     D:3: 322 daAuts
